 Dungeon Crawl Stone Soup version 0.25-a0-713-g4845790874 (webtiles) character file.

Game seed: 16077819009073106835, levelgen mode: deterministic

950 Mgcat the Chopper (level 7, 0/57 HPs)
             Began as a Mummy Berserker on Apr 5, 2020.
             Was a Priest of Trog.
             Slain by Grum
             ... wielding a -1 spear
              (10 damage)
             ... on level 5 of the Dungeon.
             The game lasted 00:16:59 (5298 turns).

Mgcat the Chopper (Mummy Berserker)                 Turns: 5298, Time: 00:16:59

Health: 0/57       AC: 22    Str: 23    XL:     7   Next: 90%
Magic:  7/7        EV:  8    Int:  6    God:    Trog [***...]
Gold:   328        SH:  0    Dex: 11    Spells: 6/6 levels left

rFire    x . .     SeeInvis .   a - +1 hand axe
rCold    + . .     Gourm    .   (no shield)
rNeg     + + +     Faith    .   o - +4 chain mail {MR+}
rPois    ∞         Spirit   .   e - +2 helmet
rElec    .         Reflect  .   n - scarf {repulsion}
rCorr    .         Harm     .   (no gloves)
MR       ++++.                  m - +0 pair of boots
Stlth    ..........             (no amulet)
HPRegen  1.19/turn              d - +5 ring of protection
MPRegen  0.10/turn              l - ring of protection from magic {MR+, !d}

@: regenerating, repel missiles
A: no food or potions, fire vulnerability, cold resistance 1, negative energy
resistance 3, torment resistance, unbreathing
a: Trog's Hand, Renounce Religion


You were on level 5 of the Dungeon.
You worshipped Trog.
Trog was most pleased with you.
You were not hungry.

You visited 1 branch of the dungeon, and saw 5 of its levels.

You collected 328 gold pieces.

Inventory:

Hand Weapons
 a - a +1 hand axe (weapon)
 p - a +0 war axe
   (You took it off an orc on level 5 of the Dungeon)
Missiles
 h - 217 stones (quivered)
 k - 3 silver javelins
Armour
 e - a +2 helmet (worn)
   (You found it on level 1 of the Dungeon)
 m - a +0 pair of boots (worn)
   (You found it on level 3 of the Dungeon)
 n - a scarf of repulsion (worn)
   (You found it on level 4 of the Dungeon)
 o - a +4 chain mail of magic resistance (worn)
   (You took it off an orc on level 4 of the Dungeon)
 q - the +1 ring mail of Devotion {rCorr Str+2 Slay+2}
   (You took it off a gnoll on level 5 of the Dungeon)

   It affects your strength (+2).
   It affects your accuracy and damage with ranged weapons and melee attacks
   (+2).
   It provides partial protection from all sources of acid and corrosion.
Jewellery
 d - a +5 ring of protection (left hand)
   (You took it off a goblin on level 1 of the Dungeon)
 l - a ring of protection from magic (right hand) {MR+, !d}
   (You took it off an orc on level 3 of the Dungeon)
Wands
 b - a wand of iceblast (7)
   (You took it off an orc on level 5 of the Dungeon)
Scrolls
 c - a scroll of enchant weapon
 f - 5 scrolls of identify
 g - a scroll of blinking {!r}
 i - 4 scrolls of teleportation
 j - 5 scrolls of remove curse
 r - a scroll of enchant armour {unknown}


   Skills:
 + Level 5.7 Fighting
 * Level 6.3 Axes
 - Level 2.3 Armour
 - Level 2.3 Dodging


You had 6 spell levels left.
You didn't know any spells.
Your spell library was empty.

Dungeon Overview and Level Annotations

Branches:
Dungeon (5/15)             Temple (0/1) D:4

Altars:
Kikubaaqudgha
Okawaru
Qazlal
Ru
Vehumet
The Shining One

Shops:
D:5 }

Annotations:
D:5 Grum


Innate Abilities, Weirdness & Mutations

You do not eat or drink.
Your flesh is vulnerable to fire.
You are immune to poison.
Your flesh is cold resistant. (rC+)
You are immune to negative energy. (rN+++)
You are immune to unholy pain and torment.
You can survive without breathing.


Message History

You hit the orc.
The orc is lightly wounded.
The orc closely misses you.
You hit the orc.
You kill the orc!
Trog accepts your kill.
No target in view!
No target in view!
No target in view!
r - a scroll labeled BALOAT VOLUG;
f - 5 scrolls of identify (gained 1)
Items here: ! )) = † a +0 war axe; a cursed -2 ring of protection; a +0 war axe; an orange potion an orc corpse
Things that are here:
a +0 hand axe; an orc corpse You see here a +0 dagger.
There is an open gate here.
h - 217 stones (gained 26)
There is an open gate here.
You see here a ration.
Key pressed, stopping explore.
You see here a ration.
You see here a ration.
Key pressed, stopping explore.
Grum the Hunter comes into view.
He is wielding a -1 spear.
Grum growls angrily.
Unknown command.
Unknown command.
There is a large open door here.
You hit Grum.
Grum is lightly wounded.
Grum hits you but does no damage.
You hit Grum.
Grum is lightly wounded.
Grum hits you but does no damage.
You hit Grum.
Grum is moderately wounded.
Grum hits you but does no damage.
You barely miss Grum.
Grum is moderately wounded.
Grum hits you with a -1 spear!
You take 8 damage, and have 49/57 hp.
You hit Grum but do no damage.
Grum is moderately wounded.
Grum hits you but does no damage.
You closely miss Grum.
Grum is moderately wounded.
Grum closely misses you.
You barely miss Grum.
Grum is moderately wounded.
Grum hits you but does no damage.
You slash Grum!
Grum is heavily wounded.
Grum hits you but does no damage.
You closely miss Grum.
Grum is heavily wounded.
Grum hits you with a -1 spear!
You take 11 damage, and have 39/57 hp.
You are too injured to fight recklessly!
You are too injured to fight recklessly!
You are too injured to fight recklessly!
You are too injured to fight recklessly!
You are too injured to fight recklessly!
You slash Grum!
Grum is severely wounded.
Grum hits you with a -1 spear!
You take 8 damage, and have 31/57 hp.
Your chain mail prevents you from hitting Grum.
Grum is severely wounded.
Grum hits you with a -1 spear.
You take 1 damage, and have 30/57 hp.
You closely miss Grum.
Grum is severely wounded.
Grum hits you with a -1 spear!
You take 10 damage, and have 20/57 hp.
You hit Grum.
Grum is almost dead.
Grum hits you but does no damage.
Your skin crawls.
You feel resistant to hostile enchantments.
Grum hits you but does no damage.
You barely miss Grum.
Grum is severely wounded.
Grum hits you with a -1 spear.
You take 3 damage, and have 18/57 hp.
You hit Grum.
Grum is almost dead.
Grum hits you with a -1 spear!
* * * LOW HITPOINT WARNING * * *
You take 11 damage, and have 7/57 hp.
You completely miss Grum.
Grum is almost dead.
Grum hits you but does no damage.
You hit Grum.
Grum is almost dead.
Grum hits you but does no damage.
You barely miss Grum.
Grum is almost dead.
Grum hits you with a -1 spear!
You die...

#........#..######.###....
#.............###...##.#..
###....................##.
.........................
...................####..
.........##.........# ###
........####........###..
........'..##............
........@g.##.#..........
#+++#..####........###..
##..##........#####.
#........#..##...##
#.......##!.##...##
#..........#.##...##
#..........%...#'''#)
............#.........
#............##........


You could see Grum.

Vanquished Creatures
  Grinder (D:4)
  A howler monkey (D:4)
  2 orc wizards
  8 hounds
  A gnoll shaman (D:5)
  An orc priest (D:4)
  An iguana (D:5)
  3 worker ants (D:5)
  A hound skeleton (D:4)
  8 gnolls
  4 adders
  An ooze (D:4)
  An adder zombie (D:5)
  2 worms (D:2)
  A dart slug (D:4)
  3 leopard geckos
  16 orcs
  2 bat zombies (D:4)
  4 giant cockroaches
  9 goblins
  4 hobgoblins
  5 jackals
  3 quokkas
  A ball python (D:2)
  11 bats
  12 frilled lizards
  7 kobolds
  12 rats
  A rat zombie (D:4)
126 creatures vanquished.

Notes
Turn   | Place    | Note
-------+----------+-------------------------------------------
     0 | D:1      | Mgcat the Mummy Berserker began the quest for the Orb.
     0 | D:1      | Reached XP level 1. HP: 18/18 MP: 1/1
   569 | D:1      | Reached XP level 2. HP: 19/24 MP: 2/2
  1024 | D:1      | Reached skill level 3 in Axes
  1279 | D:1      | Reached ** piety under Trog
  1404 | D:2      | Reached XP level 3. HP: 29/29 MP: 3/3
  2065 | D:2      | Reached XP level 4. HP: 37/37 MP: 4/4
  2418 | D:2      | Found a glowing golden altar of the Shining One.
  2640 | D:3      | Found a stormy altar of Qazlal.
  2641 | D:3      | Found an iron altar of Okawaru.
  2643 | D:3      | Found a sacrificial altar of Ru.
  2643 | D:3      | Found a radiant altar of Vehumet.
  3369 | D:4      | Noticed Grinder
  3409 | D:4      | Killed Grinder
  3409 | D:4      | Reached skill level 4 in Fighting
  3409 | D:4      | Reached skill level 4 in Axes
  3409 | D:4      | Reached skill level 2 in Armour
  3409 | D:4      | Reached skill level 2 in Dodging
  3409 | D:4      | Reached XP level 5. HP: 21/43 MP: 5/5
  3409 | D:4      | Reached XP level 6. HP: 24/49 MP: 6/6
  3581 | D:4      | Found a staircase to the Ecumenical Temple.
  3652 | D:4      | Found an ancient bone altar of Kikubaaqudgha.
  4044 | D:4      | Reached *** piety under Trog
  4345 | D:5      | Entered Level 5 of the Dungeon
  4421 | D:5      | Reached skill level 5 in Axes
  4630 | D:5      | Reached XP level 7. HP: 52/55 MP: 7/7
  4651 | D:4      | Reached skill level 5 in Fighting
  4875 | D:5      | Reached skill level 6 in Axes
  4899 | D:5      | Identified the +1 ring mail of Devotion {rCorr Str+2
                  | Slay+2}
  5126 | D:5      | Found Woigon's Gadget Shoppe.
  5278 | D:5      | Noticed Grum
  5295 | D:5      | HP: 7/57 [Grum/-1 spear (12)]
  5298 | D:5      | Slain by Grum

Levels and vault maps discovered:
D:1:      saegor_arrival_simple_b, layout_basic
D:2:      wad_crossroads, layout_basic, overflow_temple_1_default,
          minmay_misc_feat_iff, minmay_indecisive_spiral
D:3:      layout_basic, chequers_temple_overflow_statue_of_worship,
          first_ration, chequers_jeans
D:4:      layout_loops_ring, lemuel_zombie_altar_kikubaaqudgha, temple_doors_e,
          uniq_grinder
D:5:      layout_cave_pools, serial_gnoll_camp, grums_kennel,
          gnoll_camp_mini_basic, gnoll_camp_mini_shop,
          gnoll_camp_mini_loothouse, gnoll_camp_mini_hut,
          gnoll_camp_mini_doghouse

Skill      XL: |  1  2  3  4  5  6  7 |
---------------+----------------------+-----
Axes           | 3 4 5 6 |  6.3
Fighting       | 4 5 |  5.7
Armour         | 2 |  2.3
Dodging        | 2 |  2.3

Action                   |  1- 3 |  4- 6 |  7- 9 || total
-------------------------+-------+-------+-------++-------
Melee: Hand axe          |   200 |   238 |   201 ||   639
Invok: Trog's Hand       |     1 |       |     2 ||     3
  Use: Scroll            |       |     6 |       ||     6
Armor: Scale mail        |    14 |       |       ||    14
       Animal skin       |     2 |       |       ||     2
       Chain mail        |   111 |   167 |   142 ||   420
Dodge: Dodged            |   106 |   123 |    78 ||   307
       Deflected         |       |       |     8 ||     8

Table legend:
 A = Non-vault XP
 B = Vault XP
 C = Vault XP percentage of total XP
 D = Non-vault monster count
 E = Vault monster count
 F = Vault count percentage of total count
                 A         B        C        D         E       F
            +---------+---------+-------+---------+---------+-------
      Total |     647 |     711 |  52.4 |      98 |      28 |  22.2
            +---------+---------+-------+---------+---------+-------
        D:1 |      63 |       0 |   0.0 |      28 |       0 |   0.0
        D:2 |      33 |      10 |  23.3 |      18 |       8 |  30.8
        D:3 |      34 |       0 |   0.0 |      14 |       0 |   0.0
        D:4 |     288 |     314 |  52.2 |      22 |       5 |  18.5
        D:5 |     229 |     387 |  62.8 |      16 |      15 |  48.4
            +---------+---------+-------+---------+---------+-------

Levels and vault maps discovered:
D:1:      saegor_arrival_simple_b, layout_basic
D:2:      wad_crossroads, layout_basic, overflow_temple_1_default,
          minmay_misc_feat_iff, minmay_indecisive_spiral
D:3:      layout_basic, chequers_temple_overflow_statue_of_worship,
          first_ration, chequers_jeans
D:4:      layout_loops_ring, lemuel_zombie_altar_kikubaaqudgha, temple_doors_e,
          uniq_grinder
D:5:      layout_cave_pools, serial_gnoll_camp, grums_kennel,
          gnoll_camp_mini_basic, gnoll_camp_mini_shop,
          gnoll_camp_mini_loothouse, gnoll_camp_mini_hut,
          gnoll_camp_mini_doghouse

Table legend:
 A = Turns spent in this place as a percentage of turns spent in the entire game.
 B = Non-inter-level travel turns spent in this place as a percentage of non-inter-level travel turns spent in the entire game.
 C = Inter-level travel turns spent in this place as a percentage of turns spent in this place.
 D = Turns resting spent in this place as a percentage of non-inter-level travel turns spent in this place.
 E = Turns spent auto-exploring this place as a percentage of non-inter-level travel turns spent in this place.
 F = Non-inter-level travel turns spent in this place divided by the number of levels of this place that you've seen.
                   A       B       C       D       E      F
               +-------+-------+-------+-------+-------+----------------------
         Total | 100.0 | 100.0 |   3.0 |  25.2 |  48.6 | 1027.6
       Dungeon | 100.0 | 100.0 |   3.0 |  25.2 |  48.6 | 1027.6
               +-------+-------+-------+-------+-------+----------------------

Table legend:
 A = Kills in this place as a percentage of kills in entire the game.
 B = Kills by you in this place as a percentage of kills by you in the entire game.
 C = Kills by friends in this place as a percentage of kills by friends in the entire game.
 D = Other kills in this place as a percentage of other kills in the entire game.
 E = Experience gained in this place as a percentage of experience gained in the entire game.
 F = Experience gained in this place divided by the number of levels of this place that you have seen.
                   A       B       C       D       E      F
               +-------+-------+-------+-------+-------+----------------------
         Total | 100.0 | 100.0 |   N/A |   N/A | 100.0 | 271.6
       Dungeon | 100.0 | 100.0 |   N/A |   N/A | 100.0 | 271.6
               +-------+-------+-------+-------+-------+----------------------
